 Dungeon Crawl Stone Soup version 0.29.1-2-gbd0b4ee654 (webtiles) character file.

Game seed: 11252263863965908355

305 GorkyZ the Shield-Bearer (level 6, 0/48 HPs)
             Began as a Formicid Fighter on Nov 21, 2022.
             Slain by a gnoll
             ... wielding a +0 spear
             ... led by a gnoll bouda
              (2 damage)
             ... on level 4 of the Dungeon.
             The game lasted 00:10:06 (3729 turns).

GorkyZ the Shield-Bearer (Formicid Fighter)         Turns: 3729, Time: 00:10:07

Health: 0/48       AC: 11    Str: 19 (22) XL:     6   Next: 66%
Magic:  6/6        EV:  6    Int:  6 (8)  God:
Gold:   186        SH:  5    Dex: 10 (13) Spells: 5/5 levels left

rFire   + . .      SeeInvis +   e - +2 hand axe (flame)
rCold   + . .      Faith    .   c - +0 buckler
rNeg    . . .      Spirit   .   w - +0 plate armour
rPois   .          Reflect  .   (helmet unavailable)
rElec   .          Harm     .   (no cloak)
rCorr   .          Rampage  .   (no gloves)
Will    +....                   (no boots)
Stlth   ..........              (no amulet)
HPRegen 0.16/turn               v - ring of protection from cold
MPRegen 0.10/turn               y - ring of No Interval {rF+ Will+}

@: no status effects
A: permanent stasis, dig shafts and tunnels, antennae 3, four strong arms
a: Dig, Shaft Self


You were on level 4 of the Dungeon.
You visited 1 branch of the dungeon, and saw 4 of its levels.

You collected 186 gold pieces.

Inventory:

Hand Weapons
 a - a +0 trident
 e - a +2 hand axe of flaming (weapon)
Missiles
 o - 15 poisoned darts (quivered)
Armour
 b - a +0 scale mail
 c - a +0 buckler (worn)
 w - a +0 plate armour (worn)
Jewellery
 r - a ring of fire
 u - an amulet of magic regeneration
 v - a ring of protection from cold (left hand)
 y - the ring of No Interval (right hand) {rF+ Will+}
   (You found it on level 4 of the Dungeon)

   [ring of willpower]

   rF:        It protects you from fire.
   Will:      It increases your willpower.
Scrolls
 g - 6 scrolls of identify {unknown}
 h - a scroll of torment {unknown}
 i - 2 scrolls of teleportation {unknown}
 k - a scroll of amnesia {unknown}
 m - a scroll of butterflies {unknown}
 n - a scroll of immolation {unknown}
 q - 2 scrolls of vulnerability {unknown}
 s - 2 scrolls of magic mapping {unknown}
 t - a scroll of noise {unknown}
Potions
 d - a potion of might
 f - a potion of haste
 l - a potion of heal wounds {unknown}
 p - 3 potions of curing {unknown}
 x - 2 potions of flight {unknown}


   Skills:
 + Level 4.1 Fighting
 + Level 1.7(2.2) Axes
 - Level 2.0(2.4) Polearms
 + Level 1.9 Throwing
 + Level 4.3 Armour
 + Level 1.8 Dodging
 + Level 5.2 Shields
 + Level 2.0 Evocations


You had 5 spell levels left.
You didn't know any spells.
Your spell library contained the following spells:

 Spells                   Type           Power      Damage    Failure   Level
 Inner Flame              Hex/Fire       0%         N/A       100%        3
 Tukima's Dance           Hex            0%         N/A       100%        3
 Cause Fear               Hex            0%         N/A       100%        4
 Passage of Golubria      Tloc           0%         N/A       100%        4
 Summon Ice Beast         Ice/Summ       0%         N/A       100%        4
 Summon Mana Viper        Hex/Summ       0%         N/A       100%        5
 Yara's Violent Unravell  Hex/Tmut       0%         3d3       100%        5
 Monstrous Menagerie      Summ           0%         N/A       100%        7
 Discord                  Hex            0%         N/A       100%        8


Dungeon Overview and Level Annotations

Branches:
Dungeon (4/15)             Temple (0/1) D:4

Altars:
Sif Muna


Innate Abilities, Weirdness & Mutations

You cannot be hasted, slowed, berserked, paralysed or teleported.
You can dig through walls and to a lower floor.
You have a pair of large antennae on your head. (SInv)
Your four strong arms can wield two-handed weapons with a shield.


Message History

The gnoll hits you from afar with a +0 spear.
You closely miss the gnoll.
The gnoll is severely wounded.
The gnoll is no longer moving quickly.
The gnoll closely misses you. You block the gnoll's attack.
The gnoll barely misses you.
You hit the gnoll but do no damage.
The gnoll is severely wounded.
You block the gnoll's attack. x2; The gnoll barely misses you.
You block the gnoll's attack.
You hit the gnoll. You burn the gnoll.
You kill the gnoll!
The gnoll is no longer moving quickly.
The gnoll throws a throwing net.
The throwing net hits you.
You become entangled in the net!
The gnoll hits you but does no damage.
The gnoll hits you from afar with a +0 spear.
You struggle against the net.
The gnoll barely misses you.
The gnoll hits you from afar with a +0 spear!
You struggle against the net.
The gnoll hits you but does no damage.
The gnoll hits you from afar with a +0 spear.
You struggle against the net.
The gnoll hits you from afar with a +0 spear. x2
You struggle against the net.
The gnoll hits you from afar with a +0 spear.
* * * LOW HITPOINT WARNING * * *
The gnoll hits you but does no damage.
You rip the net and break free!
The gnoll hits you from afar with a +0 spear.
* * * LOW HITPOINT WARNING * * *
The gnoll hits you from afar with a +0 spear.
* * * LOW HITPOINT WARNING * * *
It was a potion of haste.
Your stasis prevents you from being hasted.
You block the gnoll's attack.
It was a potion of degeneration.
There was something very wrong with that liquid.
You feel weakened.
You feel dopey.
You feel clumsy.
The gnoll hits you from afar with a +0 spear.
* * * LOW HITPOINT WARNING * * *
The gnoll hits you from afar with a +0 spear.
You die...

#.........#
#########.# #.# #.#
#.# ######.#
###...)#.###########
#....))............#
##'''###......@..#.#
##.).###########g..#
##.....## #.{)####
#.......# #..>g
#.......# #..(.
#.......# #..##
#.......# ##.
####....# .
##..'....# ..


You could see a gnoll.

Vanquished Creatures
  A hound (D:4)
  2 jellies (D:4)
  An orc priest (D:3)
  A gnoll bouda (D:4)
  An iguana (D:3)
  2 gnolls (D:4)
  3 adders
  3 dart slugs
  3 orcs (D:3)
  13 endoplasms
  2 giant cockroaches
  A goblin (D:1)
  5 hobgoblins
  8 jackals
  2 quokkas (D:2)
  7 ball pythons
  7 bats
  2 frilled lizards
  10 kobolds
  8 rats
  A butterfly (D:4)
83 creatures vanquished.

Vanquished Creatures (others)
  10 fungi (D:4)
  5 toadstools (D:4)
15 creatures vanquished.

Grand Total: 98 creatures vanquished

Notes
Turn   | Place    | Note
-------+----------+-------------------------------------------
     0 | D:1      | GorkyZ the Formicid Fighter began the quest for the Orb.
     0 | D:1      | Reached XP level 1. HP: 18/18 MP: 1/1
   313 | D:1      | Reached XP level 2. HP: 23/24 MP: 2/2
   616 | D:1      | Reached XP level 3. HP: 29/29 MP: 3/3
  1593 | D:2      | Found a faded altar of an unknown god.
  1603 | D:2      | Reached skill level 1 in Throwing
  1603 | D:2      | Reached skill level 1 in Evocations
  1603 | D:2      | Reached XP level 4. HP: 29/35 MP: 4/4
  2083 | D:3      | Reached skill level 1 in Dodging
  2278 | D:3      | Reached skill level 1 in Axes
  2278 | D:3      | Reached XP level 5. HP: 42/42 MP: 5/5
  2698 | D:3      | Found a shimmering blue altar of Sif Muna.
  2778 | D:4      | Identified the +5 trident of Vajem {holy, rElec}
  3348 | D:4      | Reached skill level 5 in Shields
  3348 | D:4      | Reached XP level 6. HP: 43/48 MP: 6/6
  3650 | D:4      | Identified the ring of No Interval {rF+ Will+}
  3696 | D:4      | Found a staircase to the Ecumenical Temple.
  3727 | D:4      | HP: 2/48 [gnoll/+0 spear[a gnoll bouda] (5)]
  3729 | D:4      | Slain by a gnoll

Illustrated notes

Levels and vault maps discovered:
D:1:      co_arrival_random_square_maze, layout_loops_ring
D:2:      layout_loops_corners, nicolae_ecumenical_snake_handling
D:3:      layout_rooms, lemuel_round_altar, serial_glass, glass_columns_c,
          glass_columns_a
D:4:      cheibrodos_fertilizer, layout_loops_ring,
          minmay_temple_entry_butterflies

Skill      XL: |  1  2  3  4  5  6 |
---------------+-------------------+-----
Throwing       | 1 |  1.9
Evocations     | 1 2 |  2.0
Dodging        | 1 |  1.8
Axes           | 1 |  1.7
Armour         | 4 |  4.3
Fighting       | 4 |  4.1
Shields        | 5 |  5.2
Polearms       | |  2.0

Action                   |  1- 3 |  4- 6 || total
-------------------------+-------+-------++-------
Melee: Hand axe          |    78 |   150 ||   228
Throw: Dart              |       |     5 ||     5
  Use: Potion            |       |     2 ||     2
Armor: Scale mail        |    33 |    34 ||    67
       Plate armour      |       |    25 ||    25
Dodge: Dodged            |    27 |    71 ||    98
Block: Buckler           |    24 |    44 ||    68
